 Dungeon Crawl Stone Soup version 0.31-a0-177-g4aa6249778 (webtiles) character file.

Game seed: 1735923275465343237

536 qw the Shooter (level 7, -9/64 HPs)
             Began as a Naga Hunter on June 18, 2023.
             Mangled by an ogre
             ... wielding a +0 giant club
              (32 damage)
             ... on level 4 of the Dungeon.
             The game lasted 00:01:11 (2953 turns).

qw the Shooter (Naga Hunter)                        Turns: 2953, Time: 00:01:11

Health: -9/64      AC:  4    Str: 13    XL:     7   Next: 25%
Magic:  7/7        EV:  9    Int: 10    God:
Gold:   189        SH:  0    Dex: 16    Spells: 6/6 levels left

rFire   . . .        Y - +1 shortbow
rCold   . . .        (shield currently unavailable)
rNeg    . . .        c - +0 leather armour
rPois   +            b - +0 helmet
rElec   .            (no cloak)
rCorr   .            (no gloves)
SInv    +            (no barding)
Will    .....        (no amulet)
Stlth   ++           (no ring)
HPRegen 0.30/turn    (no ring)
MPRegen 0.10/turn

%: no passive effects
@: short of breath, very slow
A: AC +2, large, see invisible, deformed body, poison resistance, slowness 2,
spit poison 1, naga tail 1
a: Spit Poison


You were on level 4 of the Dungeon.
You visited 2 branches of the dungeon, and saw 5 of its levels.

You collected 189 gold pieces.


Innate Abilities, Weirdness & Mutations

Your serpentine skin is tough. (AC +2)
You have supernaturally acute eyesight. (SInv)
Armour fits poorly on your strangely shaped body.
Your system is resistant to poisons. (rPois)
You cover ground very slowly.
You can spit poison.
You have a snake-like lower body.


   Skills:
 - Level 4.0 Fighting
 - Level 7.0 Ranged Weapons
 + Level 1.8 Dodging
 - Level 1.5 Stealth


You had 6 spell levels left.
You didn't know any spells.
Your spell library was empty.

Inventory:

Hand Weapons
 Y - a +1 shortbow (weapon)
Armour
 b - a +0 helmet (worn)
 c - a +0 leather armour (worn)
 g - a +2 barding of fire resistance
Jewellery
 e - a ring of ice
Scrolls
 k - a scroll of identify
Potions
 a - a potion of curing
 d - a potion of heal wounds
 f - a potion of haste
 i - a potion of might {unknown}
 l - a potion of cancellation {unknown}

Dungeon Overview and Level Annotations

Branches:
Dungeon (4/15)             Temple (1/1) D:4

Altars:
Cheibriados
Fedhas
Gozag
Hepliaklqana
Kikubaaqudgha
Qazlal
Sif Muna
Vehumet
Wu Jian
Zin

Annotations:
D:4 Dowan, Duvessa


Message History

Duvessa says, "Where magic fails, the sword succeeds!"
You shoot an arrow. The arrow hits Duvessa.
Duvessa is heavily wounded.
You have got your breath back.
Duvessa hits you with a +0 rapier!
2947 ||| INVOKING Spit Poison.
Aiming: Spit Poison (1% risk of failure)
Press: ? - help, Shift-Dir - straight line, f/p - Duvessa The splash of poison hits Duvessa!
Duvessa is severely wounded.
Duvessa closely misses you.
You shoot an arrow. The arrow hits Duvessa.
Duvessa is almost dead.
Duvessa hits you with a +0 rapier!
You shoot an arrow.
The arrow hits Duvessa but does no damage.
Duvessa is almost dead.
You have got your breath back.
Duvessa closely misses you. The ogre closely misses you.
Duvessa barely misses you.
2950 ||| INVOKING Spit Poison.
Aiming: Spit Poison (1% risk of failure)
Press: ? - help, Shift-Dir - straight line, f/p - Duvessa The splash of poison misses Duvessa.
The ogre hits you with a +0 giant club!!
Dowan laughs at you. "Don't get delusional, you can't win!"
Duvessa closely misses you.
2951 ||| DRINKING 2 potions of heal wounds.
You feel much better.
Dowan mumbles some strange words.
Dowan blinks!
The ogre hits you with a +0 giant club! Duvessa barely misses you.
You shoot an arrow.
The arrow hits Duvessa but does no damage.
Duvessa is almost dead.
Duvessa hits you with a +0 rapier!
You shoot an arrow. The arrow hits Duvessa.
Duvessa is almost dead.
The ogre hits you with a +0 giant club!!
Ouch! That really hurt!
You die...

#...... ###....
##### ##### #....
..#....##
..)....e####### #
#.O@......##########
########..........#)
#######....)#
#####.# #.# ##.#
#..# #..# #...


You could see Duvessa and an ogre.

Vanquished Creatures
  A black bear (D:4)
  A phantom (D:4)
  A scorpion (D:4)
  A hound (D:4)
  5 iguanas
  An orc wizard (D:4)
  4 adders
  A white imp (D:4)
  A worm (D:3)
  5 orcs
  5 bats
  8 endoplasms
  4 giant cockroaches
  8 goblins
  7 hobgoblins
  8 kobolds
  5 quokkas
  7 ball pythons
  4 frilled lizards
  7 rats
84 creatures vanquished.

Notes
Turn   | Place    | Note
-------+----------+-------------------------------------------
     0 | D:1      | qw the Naga Hunter began the quest for the Orb.
     0 | D:1      | Reached XP level 1. HP: 19/19 MP: 1/1
     0 | D:1      | 0 ||| qw: Version: 0.3-a-5-g6f28e65
     0 | D:1      | 0 ||| qw: Game counter: 630
     0 | D:1      | 0 ||| qw: Always use a shield: true
     0 | D:1      | 0 ||| qw: God list: Okawaru
     0 | D:1      | 0 ||| qw: Allow faded altars: false
     0 | D:1      | 0 ||| qw: Do Orc after D:15 true
     0 | D:1      | 0 ||| qw: Do second Lair branch before Depths: true
     0 | D:1      | 0 ||| qw: Lair rune preference: random
     0 | D:1      | 0 ||| qw: Plans: Normal
     0 | D:1      | 0 ||| PLANNING D:1-11
    11 | D:1      | 11 ||| INVOKING Spit Poison.
    73 | D:1      | 73 ||| INVOKING Spit Poison.
   114 | D:1      | 114 ||| INVOKING Spit Poison.
   115 | D:1      | Reached skill level 4 in Ranged Weapons
   115 | D:1      | Reached XP level 2. HP: 26/26 MP: 2/2
   180 | D:1      | 180 ||| INVOKING Spit Poison.
   193 | D:1      | 193 ||| INVOKING Spit Poison.
   197 | D:1      | 197 ||| INVOKING Spit Poison.
   243 | D:1      | 243 ||| INVOKING Spit Poison.
   288 | D:1      | 288 ||| INVOKING Spit Poison.
   293 | D:1      | 293 ||| INVOKING Spit Poison.
   296 | D:1      | 296 ||| INVOKING Spit Poison.
   299 | D:1      | 299 ||| INVOKING Spit Poison.
   302 | D:1      | Reached XP level 3. HP: 13/32 MP: 3/3
   399 | D:1      | 399 ||| INVOKING Spit Poison.
   412 | D:1      | 412 ||| INVOKING Spit Poison.
   523 | D:1      | 523 ||| READING scroll labelled WARPHA PERGHO.
   524 | D:1      | 524 ||| READING scroll labelled LISKIE UCZO.
   525 | D:1      | 525 ||| DROPPING scroll of butterflies.
   572 | D:2      | 572 ||| INVOKING Spit Poison.
   583 | D:2      | 583 ||| INVOKING Spit Poison.
   636 | D:2      | 636 ||| INVOKING Spit Poison.
   659 | D:2      | 659 ||| INVOKING Spit Poison.
   664 | D:2      | 664 ||| INVOKING Spit Poison.
   734 | D:2      | 734 ||| INVOKING Spit Poison.
   761 | D:2      | Found a glowing silver altar of Zin.
   812 | D:2      | 812 ||| INVOKING Spit Poison.
   817 | D:2      | 817 ||| INVOKING Spit Poison.
   951 | D:2      | 951 ||| INVOKING Spit Poison.
  1001 | D:2      | 1001 ||| UPGRADING to +0 helmet.
  1006 | D:2      | 1006 ||| DROPPING scarf of harm.
  1007 | D:2      | 1007 ||| READING scroll labelled BILENA ZIOLU.
  1008 | D:2      | 1008 ||| DRINKING 2 bubbling emerald potions.
  1107 | D:3      | 1107 ||| INVOKING Spit Poison.
  1116 | D:3      | 1116 ||| INVOKING Spit Poison.
  1122 | D:3      | 1122 ||| INVOKING Spit Poison.
  1128 | D:3      | Reached skill level 5 in Ranged Weapons
  1128 | D:3      | Reached XP level 4. HP: 27/39 MP: 4/4
  1239 | D:3      | 1239 ||| INVOKING Spit Poison.
  1270 | D:3      | 1270 ||| INVOKING Spit Poison.
  1280 | D:3      | 1280 ||| INVOKING Spit Poison.
  1295 | D:3      | 1295 ||| INVOKING Spit Poison.
  1358 | D:3      | 1358 ||| INVOKING Spit Poison.
  1364 | D:3      | 1364 ||| INVOKING Spit Poison.
  1371 | D:3      | 1371 ||| INVOKING Spit Poison.
  1470 | D:3      | 1470 ||| INVOKING Spit Poison.
  1471 | D:3      | Reached XP level 5. HP: 48/48 MP: 5/5
  1487 | D:3      | Reached skill level 3 in Fighting
  1724 | D:3      | 1724 ||| READING scroll labelled JOOKLAUREO.
  1725 | D:3      | 1725 ||| READING scroll labelled COBLAE TITH.
  1730 | D:3      | 1730 ||| READING 2 scrolls of identify.
  1730 | D:3      | 1730 ||| IDENTIFYING bubbling white potion
  1760 | D:4      | 1760 ||| INVOKING Spit Poison.
  1774 | D:4      | Noticed a phantom
  1781 | D:4      | 1781 ||| INVOKING Spit Poison.
  1790 | D:4      | Killed a phantom
  1829 | D:4      | 1829 ||| INVOKING Spit Poison.
  1832 | D:4      | 1832 ||| INVOKING Spit Poison.
  1834 | D:4      | Reached skill level 6 in Ranged Weapons
  1834 | D:4      | Reached XP level 6. HP: 48/56 MP: 6/6
  1889 | D:4      | Noticed a black bear
  1890 | D:4      | 1890 ||| INVOKING Spit Poison.
  1893 | D:4      | 1893 ||| INVOKING Spit Poison.
  1898 | D:4      | 1898 ||| INVOKING Spit Poison.
  1898 | D:4      | Killed a black bear
  1939 | D:4      | 1939 ||| INVOKING Spit Poison.
  1944 | D:4      | 1944 ||| INVOKING Spit Poison.
  1998 | D:4      | 1998 ||| INVOKING Spit Poison.
  2032 | D:4      | 2032 ||| INVOKING Spit Poison.
  2035 | D:4      | 2035 ||| INVOKING Spit Poison.
  2161 | D:4      | 2161 ||| INVOKING Spit Poison.
  2168 | D:4      | 2168 ||| INVOKING Spit Poison.
  2170 | D:4      | Reached XP level 7. HP: 54/64 MP: 7/7
  2226 | D:4      | 2226 ||| INVOKING Spit Poison.
  2276 | D:4      | Identified the +6 lajatang of Zahehial {protect, rCorr
                  | Str+4 Dex+3}
  2300 | D:4      | 2300 ||| INVOKING Spit Poison.
  2332 | D:4      | 2332 ||| INVOKING Spit Poison.
  2337 | D:4      | 2337 ||| INVOKING Spit Poison.
  2378 | D:4      | 2378 ||| INVOKING Spit Poison.
  2481 | D:4      | Found a staircase to the Ecumenical Temple.
  2482 | D:4      | 2482 ||| PLANNING TEMPLE
  2482 | D:4      | 2482 ||| DROPPING scarf of harm.
  2483 | D:4      | 2483 ||| READING scroll labelled XEIFIJ HALESUI.
  2483 | D:4      | Identified a scroll of acquirement
  2483 | D:4      | 2483 ||| ACQUIRING +2 barding of fire resistance
  2483 | D:4      | Acquired a +2 barding of fire resistance
  2484 | D:4      | 2484 ||| READING 4 scrolls of identify.
  2484 | D:4      | 2484 ||| IDENTIFYING murky pink potion
  2485 | D:4      | 2485 ||| READING 3 scrolls of identify.
  2485 | D:4      | 2485 ||| IDENTIFYING glowing dark potion
  2486 | D:4      | 2486 ||| READING 2 scrolls of identify.
  2486 | D:4      | 2486 ||| IDENTIFYING metallic clear potion
  2487 | D:4      | 2487 ||| DROPPING potion of degeneration.
  2488 | D:4      | 2488 ||| DROPPING potion of brilliance.
  2497 | Temple   | Entered the Ecumenical Temple
  2785 | Temple   | 2785 ||| PLANNING D:1-11
  2824 | D:4      | 2824 ||| INVOKING Spit Poison.
  2829 | D:4      | 2829 ||| INVOKING Spit Poison.
  2836 | D:4      | 2836 ||| INVOKING Spit Poison.
  2838 | D:4      | Reached skill level 7 in Ranged Weapons
  2840 | D:4      | 2840 ||| INVOKING Spit Poison.
  2843 | D:4      | 2843 ||| INVOKING Spit Poison.
  2936 | D:4      | Noticed Duvessa
  2937 | D:4      | Noticed Dowan
  2939 | D:4      | 2939 ||| INVOKING Spit Poison.
  2942 | D:4      | 2942 ||| INVOKING Spit Poison.
  2947 | D:4      | 2947 ||| INVOKING Spit Poison.
  2950 | D:4      | 2950 ||| INVOKING Spit Poison.
  2950 | D:4      | HP: 15/64 [ogre/+0 giant club (29)]
  2951 | D:4      | 2951 ||| DRINKING 2 potions of heal wounds.
  2953 | D:4      | Mangled by an ogre

Levels and vault maps discovered:
D:1:      lemuel_arrival_rhombus, layout_basic
D:2:      layout_rooms, basic_altar
D:3:      layout_basic
D:4:      layout_cave_pods, minmay_temple_entry_statues_fountains, uniq_duvessa
Temple:   compressed_dpeg_triangle_lava_temple

Skill      XL: |  1  2  3  4  5  6  7 |
---------------+----------------------+-----
Ranged Weapons | 4 5 6 7 |  7.0
Fighting       | 3 4 |  4.0
Dodging        | |  1.8
Stealth        | |  1.5

Action                     |  1- 3 |  4- 6 |  7- 9 || total
---------------------------+-------+-------+-------++-------
   Fire: Shortbow          |    73 |    80 |    36 ||   189
Ability: Spit Poison       |    25 |    22 |    14 ||    61
    Use: Scroll            |     3 |     3 |     4 ||    10
         Potion            |     1 |       |     1 ||     2
 Armour: Leather armour    |    11 |    17 |       ||    28
  Dodge: Dodged            |    21 |    23 |    14 ||    58

Table legend:
 A = Non-vault XP
 B = Vault XP
 C = Vault XP percentage of total XP
 D = Non-vault monster count
 E = Vault monster count
 F = Vault count percentage of total count
                 A         B        C        D         E       F
            +---------+---------+-------+---------+---------+-------
      Total |     767 |       0 |   0.0 |      84 |       0 |   0.0
            +---------+---------+-------+---------+---------+-------
        D:1 |      42 |       0 |   0.0 |      26 |       0 |   0.0
        D:2 |      27 |       0 |   0.0 |      17 |       0 |   0.0
        D:3 |     104 |       0 |   0.0 |      17 |       0 |   0.0
        D:4 |     594 |       0 |   0.0 |      24 |       0 |   0.0
            +---------+---------+-------+---------+---------+-------
